 Dungeon Crawl Stone Soup version 0.28.0-47-ge53b351184 (webtiles) character file.

Game seed: 3127666891615022164

317 pkoi the Twirler (level 6, -13/51 HPs)
             Began as a Demigod Gladiator on May 9, 2022.
             Mangled by Pikel
             ... wielding a +0 whip of electrocution
              (18 damage)
             ... on level 3 of the Dungeon.
             The game lasted 00:05:48 (5720 turns).

pkoi the Twirler (Demigod Gladiator)                Turns: 5720, Time: 00:05:48

Health: -13/51     AC: 10    Str: 15    XL:     6   Next: 0%
Magic:  8/8        EV: 12    Int: 18    God:
Gold:   171        SH:  0    Dex: 15    Spells: 4/5 levels left

rFire   + . .      SeeInvis .   r - +3 quarterstaff (freeze)
rCold   . . .      Faith    .   (shield currently unavailable)
rNeg    . . .      Spirit   .   h - +2 ring mail {rF+}
rPois   .          Reflect  .   i - +1 helmet
rElec   .          Harm     .   s - +0 cloak
rCorr   .          Rampage  .   (no gloves)
Will    .....                   (no boots)
Stlth   +.........              (no amulet)
HPRegen 0.17/turn               (no ring)
MPRegen 0.11/turn               (no ring)

@: no status effects
A: high MP 1, forlorn, divine attributes
a: no special abilities


You were on level 3 of the Dungeon.
You visited 1 branch of the dungeon, and saw 4 of its levels.

You collected 171 gold pieces.

Inventory:

Hand Weapons
 a - a +0 quarterstaff
 c - a +1 whip of flaming
 p - a +2 hand axe of freezing
 r - a +3 quarterstaff of freezing (weapon)
Missiles
 d - 3 throwing nets (quivered)
 f - 6 poisoned darts
Armour
 h - a +2 ring mail of fire resistance (worn)
 i - a +1 helmet (worn)
 s - a +0 cloak (worn)
Wands
 n - a wand of polymorph (1)
Potions
 b - a potion of lignification {unknown}
 e - 2 potions of heal wounds {unknown}
 g - a potion of magic {unknown}
 j - a potion of invisibility
 k - a potion of attraction {unknown}


   Skills:
 + Level 3.3 Fighting
 + Level 3.9 Staves
 - Level 1.7 Throwing
 + Level 2.6 Armour
 + Level 3.9 Dodging


You had 4 spell levels left.
You knew the following spells:

 Your Spells              Type           Power      Damage    Failure   Level
a - Apportation           Tloc           0%         N/A       38%         1

Your spell library contained the following spells:

 Spells                   Type           Power      Damage    Failure   Level
 Beastly Appendage        Tmut           0%         N/A       38%         1
 Wereblood                Tmut           0%         N/A       54%         2
 Spider Form              Tmut/Pois      0%         N/A       77%         3
 Alistair's Intoxication  Tmut/Pois      0%         N/A       100%        5


Dungeon Overview and Level Annotations

Branches:
Dungeon (4/15)
 Temple: D:4-7

Annotations:
D:3 Pikel


Innate Abilities, Weirdness & Mutations

You have an increased reservoir of magic. (+10% MP)
You shall have no god before yourself.
Your divine heritage dramatically boosts your attributes as you level up.


Message History

You barely miss Pikel.
Pikel is heavily wounded.
Pikel completely misses you.
You sock Pikel! You freeze Pikel.
Pikel is severely wounded.
Pikel hits you but does no damage.
Unknown command.
You barely miss Pikel.
Pikel is severely wounded.
The lemure shouts!
Pikel misses you.
Unknown command.
You hit Pikel but do no damage.
Pikel is severely wounded.
Pikel hits you with a +0 whip of electrocution.
* * * LOW HITPOINT WARNING * * *
Unknown command.
You hit Pikel but do no damage.
Pikel is severely wounded.
Pikel hits you with a +0 whip of electrocution!
* * * LOW HITPOINT WARNING * * *
Unknown command.
There is a stone staircase leading up here.
Pikel misses you. The lemure hits you.
* * * LOW HITPOINT WARNING * * *
You climb upwards.
There is a stone staircase leading down here.
Unknown command.
You barely miss Pikel.
Pikel is severely wounded.
Pikel hits you but does no damage. The lemure closely misses you.
Okay, then.
Okay, then.
You aren't carrying any scrolls.
The lemure barely misses you.
There is an escape hatch in the ceiling here.
Pikel hits you with a +0 whip of electrocution!
* * * LOW HITPOINT WARNING * * *
You are electrocuted!!
You die...

#.###### ###########
#......#
#......##.###.####.#
#.>...........# #.#
###..#.#.######## #.#
.....#.#.# ##.# ###.##.#.#
#..# #.##.#.##########.##
#.##.#......5K@....#
#.#....#.....####..####
#.#.......##..........#
#.......#..#.####..##.#
#....>..##.........##.#
###...<...#..#.#.##..##.#
............##.#.##..##.#
#####....#.###[#.##..##.##
###.#.#.###.#.#.......#


You could see Pikel and a lemure.

Vanquished Creatures
  A hound (D:4)
  2 jellies (D:4)
  Crazy Yiuf (D:3)
  An iguana (D:4)
  A hound skeleton (D:4)
  Robin (D:3)
  3 gnolls
  4 adders
  3 worms
  A dart slug (D:1)
  An orc (D:3)
  4 ball pythons
  5 endoplasms
  10 goblins
  6 hobgoblins
  5 quokkas
  4 bats
  3 frilled lizards
  3 kobolds
  8 rats
67 creatures vanquished.

Vanquished Creatures (others)
  4 fungi (D:3)
4 creatures vanquished.

Grand Total: 71 creatures vanquished

Notes
Turn   | Place    | Note
-------+----------+-------------------------------------------
     0 | D:1      | pkoi the Demigod Gladiator began the quest for the Orb.
     0 | D:1      | Reached XP level 1. HP: 17/17 MP: 3/3
   569 | D:1      | Reached XP level 2. HP: 24/24 MP: 4/4
   964 | D:1      | Learned a level 1 spell: Apportation
  1110 | D:2      | Reached skill level 1 in Armour
  1496 | D:2      | Reached XP level 3. HP: 29/29 MP: 5/5
  2520 | D:2      | Reached XP level 4. HP: 16/37 MP: 6/6
  2991 | D:3      | Noticed Robin
  3513 | D:3      | Killed Robin
  4341 | D:3      | Found a runed translucent door.
  4342 | D:3      | Noticed Crazy Yiuf
  4350 | D:3      | Killed Crazy Yiuf
  4351 | D:3      | Reached XP level 5. HP: 28/44 MP: 4/7
  5251 | D:4      | Reached XP level 6. HP: 51/51 MP: 8/8
  5260 | D:4      | Noticed Pikel
  5720 | D:3      | Mangled by Pikel

Illustrated notes

Levels and vault maps discovered:
D:1:      minmay_arrival_floating_metal, layout_loops_corners,
          chequers_ecumenical_altar_simple_redux,
          wander_ebering_terrifying_dragon_lair
D:2:      layout_loops_cross, chequers_avenue, minmay_misc_feat_five
D:3:      layout_loops_ring, general_overflow_altar, grunt_ministairs_1,
          uniq_crazy_yiuf_cottage, uniq_robin
D:4:      layout_gridville, mainiacjoe_overflow_surrounded_room,
          serial_bayou_ford_a, minmay_crystal_water, uniq_pikel, uniq_ijyb

Skill      XL: |  1  2  3  4  5 |
---------------+----------------+-----
Fighting       | 2 3 |  3.3
Staves         | 3 |  3.9
Armour         | 1 2 |  2.6
Dodging        | 3 |  3.9
Throwing       | |  1.7

Action                   |  1- 3 |  4- 6 || total
-------------------------+-------+-------++-------
Melee: Quarterstaff      |    87 |   146 ||   233
       Unarmed           |       |    10 ||    10
  Use: Scroll            |       |     6 ||     6
 Stab: Sleeping          |     2 |       ||     2
Armor: Ring mail         |    33 |    56 ||    89
Dodge: Dodged            |    58 |   124 ||   182
